PAA
MARQUETTE MINERS @ SPRINGFIELD SHOOTERS
09/17/2032
 
TOP OF THE 1ST
Marquette Miners batting - Pitching for Springfield Shooters : LHP Marcos Tejedor
Pitching: LHP Marcos Tejedor
Batting: RHB Steven Rohrs 0-0: Ball
1-0: Ball
2-0: Ball
3-0: Called Strike
3-1: Called Strike
3-2: Strikes out looking
Batting: SHB Ben Boston 0-0: Foul Ball, location: 2F
0-1: Ball
1-1: Foul Ball, location: 2F
1-2: Foul Ball, location: 2F
1-2: Fly out, F6 (Popup, 6M)
Batting: RHB Mario Chávez 0-0: Ground out 4-3 (Groundball, 4)
Top of the 1st over - 0 runs, 0 hits, 0 errors, 0 left on base; Marquette 0 - Springfield 0
BOTTOM OF THE 1ST
Springfield Shooters batting - Pitching for Marquette Miners : LHP Devin Gaines
Pitching: LHP Devin Gaines
Batting: RHB Eun-bum Kim 0-0: Ball
1-0: Foul Ball, location: 2F
1-1: Ball
2-1: Foul Ball, location: 2F
2-2: Ground out U3 (Groundball, 34)
Batting: RHB Mei Kim 0-0: Foul Ball, location: 2F
0-1: Ball
1-1: Ball
2-1: Ball
3-1: Called Strike
3-2: Foul Ball, location: 2F
3-2: Ground out 6-3 (Groundball, 6S)
Batting: RHB Blaze Alexander 0-0: Foul Ball, location: 2F
0-1: Ball
1-1: Foul Ball, location: 2F
1-2: Ball
2-2: Fly out, F7 (Flyball, 7S)
Bottom of the 1st over - 0 runs, 0 hits, 0 errors, 0 left on base; Marquette 0 - Springfield 0
TOP OF THE 2ND
Marquette Miners batting - Pitching for Springfield Shooters : LHP Marcos Tejedor
Batting: RHB Mark Keys 0-0: Ball
1-0: Ground out 6-3 (Groundball, 6M)
Batting: RHB Eli Cline 0-0: Ball
1-0: Ball
2-0: Ball
3-0: Base on Balls
Batting: RHB Brock Dean 0-0: SINGLE (Groundball, 56S) (infield hit)
Eli Cline to second
Batting: RHB Andrew Cantrell 0-0: Ball
1-0: SINGLE (Line Drive, 78S)
Eli Cline to third
Brock Dean to second
Batting: RHB Ryan French 0-0: Swinging Strike
0-1: Ball
1-1: Ball
2-1: Foul Ball, location: 2F
2-2: Fly out, F8 (Flyball, 8RM)
Runner from 3rd tags up, SCORES, throw made
Batting: SHB Raul Cate 0-0: Ball
1-0: Called Strike
1-1: Swinging Strike
1-2: Foul Ball, location: 2F
1-2: Strikes out swinging
Top of the 2nd over - 1 run, 2 hits, 0 errors, 2 left on base; Marquette 1 - Springfield 0
BOTTOM OF THE 2ND
Springfield Shooters batting - Pitching for Marquette Miners : LHP Devin Gaines
Batting: RHB Tony Martínez 0-0: Ball
1-0: Ball
2-0: SINGLE (Groundball, 56D)
Batting: RHB Stephen Chávez 0-0: Ball
1-0: Swinging Strike
1-1: Ball
2-1: Foul Ball, location: 2F
2-2: Foul Ball, location: 2F
2-2: 2-RUN HOME RUN (Flyball, 78XD), Distance : 395 ft
Batting: LHB Gabriel Díaz 0-0: Ball
1-0: DOUBLE (Groundball, 5L)
Batting: LHB Ángelo Corona 0-0: Called Strike
0-1: Foul Ball, location: 2F
0-2: DOUBLE (Groundball, 3L)
Gabriel Díaz scores
Batting: RHB Ramón Córdova 0-0: Ball
1-0: SINGLE (Line Drive, 34D)
Ángelo Corona to third
Batting: SHB Louie Vipont 0-0: Ball
1-0: SINGLE (Line Drive, 5L)
Ángelo Corona scores
Ramón Córdova to second
Batting: RHB Eun-bum Kim 0-0: Called Strike
0-1: SINGLE (Line Drive, 3S)
Ramón Córdova to third
Louie Vipont to second
Batting: RHB Mei Kim 0-0: Called Strike
0-1: Ball
1-1: Ball
2-1: Swinging Strike
2-2: Ball
3-2: Grounds into double play, 5-4-3 (Groundball, 56)
Ramón Córdova scores
Louie Vipont to third
Batting: RHB Blaze Alexander 0-0: Ball
1-0: Fly out, F7 (Flyball, 7LD)
Bottom of the 2nd over - 5 runs, 7 hits, 0 errors, 1 left on base; Marquette 1 - Springfield 5
TOP OF THE 3RD
Marquette Miners batting - Pitching for Springfield Shooters : LHP Marcos Tejedor
Batting: RHB Steven Rohrs 0-0: Ball
1-0: Foul Ball, location: 2F
1-1: SINGLE (Groundball, 4S) (infield hit)
Batting: SHB Ben Boston 0-0: Ball
Steven Rohrs steals 2nd base
1-0: Ball
Wild Pitch!
Steven Rohrs to third
2-0: Ball
3-0: Base on Balls
Batting: RHB Mario Chávez 0-0: Foul Ball, location: 2F
0-1: SINGLE (Groundball, 4MD)
Steven Rohrs scores
Ben Boston to second
Runner from 2nd tries for 3rd, OUT!
Batting: RHB Mark Keys 0-0: Ball
1-0: Ball
2-0: SINGLE (Groundball, 6MD)
Mario Chávez to second
Batting: RHB Eli Cline 0-0: Ball
1-0: Ball
2-0: Ball
3-0: Called Strike
3-1: Base on Balls
Mario Chávez to third
Mark Keys to second
Batting: RHB Brock Dean 0-0: Swinging Strike
0-1: Swinging Strike
0-2: Foul Ball, location: 2F
0-2: Strikes out swinging
Batting: RHB Andrew Cantrell 0-0: Ball
1-0: Called Strike
1-1: Foul Ball, location: 2F
1-2: Fielders Choice at 2nd, 5-4 (Groundball, 56)
Top of the 3rd over - 1 run, 3 hits, 0 errors, 3 left on base; Marquette 2 - Springfield 5
BOTTOM OF THE 3RD
Springfield Shooters batting - Pitching for Marquette Miners : LHP Devin Gaines
Batting: RHB Tony Martínez 0-0: Ground out 5-3 (Groundball, 5)
Batting: RHB Stephen Chávez 0-0: Called Strike
0-1: Ball
1-1: Foul Ball, location: 2F
1-2: DOUBLE (Line Drive, 78XD)
Batting: LHB Gabriel Díaz 0-0: Foul Ball, location: 2F
0-1: Called Strike
0-2: Ball
1-2: Foul Ball, location: 2F
1-2: Foul Ball, location: 2F
1-2: Ball
2-2: SINGLE (Groundball, 4D)
Stephen Chávez to third
Runner from 3rd tries for Home, SAFE, no throw
Batting: LHB Ángelo Corona 0-0: Called Strike
0-1: Swinging Strike
0-2: Ball
1-2: Ball
2-2: Foul Ball, location: 2F
2-2: Ball
3-2: Strikes out swinging
Batting: RHB Ramón Córdova 0-0: Called Strike
Gabriel Díaz steals 2nd base
0-1: Ball
1-1: Swinging Strike
1-2: Hit by Pitch
Batting: SHB Louie Vipont 0-0: Ball
1-0: Called Strike
1-1: DOUBLE (Line Drive, 78D)
Gabriel Díaz scores
Ramón Córdova to third
Batting: RHB Eun-bum Kim 0-0: Called Strike
0-1: Foul Ball, location: 2F
0-2: Ground out 5-3 (Groundball, 56)
Bottom of the 3rd over - 2 runs, 3 hits, 0 errors, 2 left on base; Marquette 2 - Springfield 7
TOP OF THE 4TH
Marquette Miners batting - Pitching for Springfield Shooters : LHP Marcos Tejedor
Batting: RHB Ryan French 0-0: Swinging Strike
0-1: Ground out 2-3 (Groundball, 2R)
Batting: SHB Raul Cate 0-0: Ball
1-0: Ball
2-0: Ball
3-0: Called Strike
3-1: Foul Ball, location: 2F
3-2: Base on Balls
Batting: RHB Steven Rohrs 0-0: Called Strike
0-1: Ball
1-1: Ball
2-1: Called Strike
2-2: Ball
3-2: Base on Balls
Raul Cate to second
Batting: SHB Ben Boston 0-0: Called Strike
0-1: Ball
1-1: Ball
2-1: Swinging Strike
2-2: Ball
3-2: Ground out 5-3 (Groundball, 56S)
Raul Cate to third
Steven Rohrs to second
Batting: RHB Mario Chávez 0-0: Foul Ball, location: 2F
0-1: Foul Ball, location: 2F
0-2: DOUBLE (Groundball, 5L)
Raul Cate scores
Steven Rohrs scores
Batting: RHB Mark Keys 0-0: Fly out, F8 (Line Drive, 78D)
Top of the 4th over - 2 runs, 1 hit, 0 errors, 1 left on base; Marquette 4 - Springfield 7
BOTTOM OF THE 4TH
Springfield Shooters batting - Pitching for Marquette Miners : LHP Devin Gaines
Batting: RHB Mei Kim 0-0: Ball
1-0: Fly out, F8 (Flyball, 8LD)
Batting: RHB Blaze Alexander 0-0: Called Strike
0-1: Swinging Strike
0-2: Foul Ball, location: 2F
0-2: Fly out, F4 (Popup, 4)
Batting: RHB Tony Martínez 0-0: Swinging Strike
0-1: Ball
1-1: Ball
2-1: Ground out 3-1 (Groundball, 34)
Bottom of the 4th over - 0 runs, 0 hits, 0 errors, 0 left on base; Marquette 4 - Springfield 7
TOP OF THE 5TH
Marquette Miners batting - Pitching for Springfield Shooters : LHP Marcos Tejedor
Batting: RHB Eli Cline 0-0: Foul Ball, location: 2F
0-1: Ball
1-1: Swinging Strike
1-2: Ball
2-2: SINGLE (Line Drive, 6M)
Pitching: RHP Rex Negrete
Batting: RHB Brock Dean 0-0: Ball
1-0: Bunt missed!
1-1: Bunted foul
1-2: Foul Ball, location: 2F
1-2: Ball
2-2: Ball
3-2: Fielders Choice at 2nd, 5-4 (Groundball, 5)
Batting: RHB Andrew Cantrell 0-0: Ball
1-0: Foul Ball, location: 2F
1-1: Foul Ball, location: 2F
1-2: DOUBLE (Line Drive, 78M)
Brock Dean to third
Batting: RHB Ryan French 0-0: Ball
1-0: Ground out 5-3 (Groundball, 5S)
Batting: SHB Raul Cate 0-0: Fly out, F8 (Flyball, 8LXD)
Top of the 5th over - 0 runs, 2 hits, 0 errors, 2 left on base; Marquette 4 - Springfield 7
BOTTOM OF THE 5TH
Springfield Shooters batting - Pitching for Marquette Miners : LHP Devin Gaines
Batting: RHB Stephen Chávez 0-0: Swinging Strike
0-1: Called Strike
0-2: Ball
1-2: Foul Ball, location: 2F
1-2: Foul Ball, location: 2F
1-2: Foul Ball, location: 2F
1-2: Foul Ball, location: 2F
1-2: Foul Ball, location: 2F
1-2: Ball
2-2: Foul Ball, location: 2F
2-2: Foul Ball, location: 2F
2-2: SINGLE (Line Drive, 4MD)
Batting: LHB Gabriel Díaz 0-0: Bunted foul
0-1: Ball
1-1: Ball
2-1: Bunted foul
2-2: Ball
3-2: DOUBLE (Line Drive, 9LM)
Stephen Chávez to third
Stephen Chávez scores
Pitching: RHP James Neutron
Batting: LHB Ángelo Corona 0-0: Ball
1-0: Ball
2-0: Ball
3-0: Base on Balls
Batting: RHB Ramón Córdova 0-0: Ball
1-0: Called Strike
1-1: Fly out, F9 (Flyball, 9S)
Batting: SHB Louie Vipont 0-0: Swinging Strike
0-1: SINGLE (Line Drive, 4D)
Gabriel Díaz to third
Ángelo Corona to second
Batting: RHB Eun-bum Kim 0-0: Ball
1-0: Called Strike
1-1: Fly out, F8 (Flyball, 8LD)
Runner from 3rd tags up, SCORES, throw made
Batting: RHB Mei Kim 0-0: Ball
1-0: Ball
2-0: Called Strike
2-1: Foul Ball, location: 2F
2-2: Ball
3-2: Fly out, F2 (Popup, 5SF)
Bottom of the 5th over - 2 runs, 3 hits, 0 errors, 2 left on base; Marquette 4 - Springfield 9
TOP OF THE 6TH
Marquette Miners batting - Pitching for Springfield Shooters : RHP Rex Negrete
Batting: RHB Steven Rohrs 0-0: Ball
1-0: Ball
2-0: Called Strike
2-1: Fly out, F8 (Flyball, 8LM)
Batting: SHB Ben Boston 0-0: Foul Ball, location: 2F
0-1: Ball
1-1: Swinging Strike
1-2: Foul Ball, location: 2F
1-2: DOUBLE (Line Drive, 9D)
Batting: RHB Mario Chávez 0-0: Called Strike
0-1: Reached on error, E4 (Line Drive, 4)
Ben Boston to third
Batting: RHB Mark Keys 0-0: Ball
1-0: Ball
2-0: Ball
3-0: Called Strike
3-1: Called Strike
3-2: Strikes out swinging
Mario Chávez steals 2nd base
Batter strikes out.
Batting: RHB Eli Cline 0-0: Called Strike
0-1: Foul Ball, location: 2F
0-2: Foul Ball, location: 2F
0-2: Strikes out swinging
Top of the 6th over - 0 runs, 1 hit, 1 error, 2 left on base; Marquette 4 - Springfield 9
BOTTOM OF THE 6TH
Springfield Shooters batting - Pitching for Marquette Miners : RHP James Neutron
Batting: RHB Blaze Alexander 0-0: Ball
1-0: Ball
2-0: Called Strike
2-1: Fly out, F9 (Flyball, 89S)
Batting: RHB Tony Martínez 0-0: Ground out 4-3 (Groundball, 4S)
Batting: RHB Stephen Chávez 0-0: Ball
1-0: Ball
2-0: Swinging Strike
2-1: Ground out 4-3 (Groundball, 4)
Bottom of the 6th over - 0 runs, 0 hits, 0 errors, 0 left on base; Marquette 4 - Springfield 9
TOP OF THE 7TH
Marquette Miners batting - Pitching for Springfield Shooters : RHP Rex Negrete
Batting: RHB Brock Dean 0-0: Foul Ball, location: 2F
0-1: Ball
1-1: Ball
2-1: Ground out 5-3 (Groundball, 5L)
Batting: RHB Andrew Cantrell 0-0: Ball
1-0: Called Strike
1-1: Swinging Strike
1-2: Ball
2-2: Strikes out swinging
Batting: RHB Ryan French 0-0: Ball
1-0: Swinging Strike
1-1: Called Strike
1-2: Ground out 4-3 (Groundball, 4)
Top of the 7th over - 0 runs, 0 hits, 0 errors, 0 left on base; Marquette 4 - Springfield 9
BOTTOM OF THE 7TH
Springfield Shooters batting - Pitching for Marquette Miners : RHP James Neutron
Batting: LHB Gabriel Díaz 0-0: Swinging Strike
0-1: Called Strike
0-2: Ball
1-2: Ground out U3 (Groundball, 34)
Batting: LHB Ángelo Corona 0-0: Ball
1-0: Ball
2-0: Fly out, F5 (Line Drive, 5)
Batting: RHB Ramón Córdova 0-0: Ball
1-0: SINGLE (Flyball, 7LS) - OUT at second base trying to stretch hit.
Bottom of the 7th over - 0 runs, 1 hit, 0 errors, 0 left on base; Marquette 4 - Springfield 9
TOP OF THE 8TH
Marquette Miners batting - Pitching for Springfield Shooters : RHP Rex Negrete
Batting: SHB Raul Cate 0-0: Foul Ball, location: 2F
0-1: Foul Ball, location: 2F
0-2: Ball
1-2: Ball
2-2: Ball
3-2: Ground out U3 (Groundball, 3)
Batting: RHB Steven Rohrs 0-0: Called Strike
0-1: Ball
1-1: Called Strike
1-2: Ball
2-2: Ball
3-2: Ground out 1-3 (Groundball, 13S)
Batting: SHB Ben Boston 0-0: Ball
1-0: Foul Ball, location: 2F
1-1: Foul Ball, location: 2F
1-2: Ball
2-2: Strikes out swinging
Top of the 8th over - 0 runs, 0 hits, 0 errors, 0 left on base; Marquette 4 - Springfield 9
BOTTOM OF THE 8TH
Springfield Shooters batting - Pitching for Marquette Miners : RHP James Neutron
Batting: SHB Louie Vipont 0-0: Swinging Strike
0-1: Ball
1-1: Swinging Strike
1-2: Ground out 6-3 (Groundball, 56)
Batting: RHB Eun-bum Kim 0-0: Foul Ball, location: 2F
0-1: Ball
1-1: Called Strike
1-2: Strikes out swinging
Batting: RHB Mei Kim 0-0: Swinging Strike
0-1: Swinging Strike
0-2: Foul Ball, location: 2F
0-2: Foul Ball, location: 2F
0-2: Foul Ball, location: 2F
0-2: Ball
1-2: Hit by Pitch
Batting: RHB Blaze Alexander 0-0: Ball
1-0: Foul Ball, location: 2F
1-1: Ball
2-1: Fly out, F8 (Flyball, 8RM)
Bottom of the 8th over - 0 runs, 0 hits, 0 errors, 1 left on base; Marquette 4 - Springfield 9
TOP OF THE 9TH
Marquette Miners batting - Pitching for Springfield Shooters : RHP Rex Negrete
Now at 2B: Francisco Gonzáles
Now in RF: Janghyun Yi
Batting: RHB Mario Chávez 0-0: Ball
1-0: Ground out 6-3 (Groundball, 6)
Pitching: RHP Richard Hubbard
Batting: RHB Mark Keys 0-0: Called Strike
0-1: Foul Ball, location: 2F
0-2: Ball
1-2: SINGLE (Line Drive, 6D)
Batting: RHB Eli Cline 0-0: Fly out, F7 (Flyball, 78S)
Batting: RHB Brock Dean 0-0: Ball
1-0: Fielders Choice at 2nd, 5-4 (Groundball, 56)
Top of the 9th over - 0 runs, 1 hit, 0 errors, 1 left on base; Marquette 4 - Springfield 9
Wednesday, September 19th, 2018 - OOTP Baseball 18.8 Build 76